 Dungeon Crawl Stone Soup version 0.21.1-1-g345015f (webtiles) character file.

48 inc the Sneak (level 3, -4/25 HPs)
             Began as a Felid Chaos Knight on Feb 24, 2018.
             Slain by a worm (6 damage)
             ... on level 2 of the Dungeon.
             The game lasted 00:02:18 (1124 turns).

inc the Sneak (Felid Chaos Knight)                  Turns: 1124, Time: 00:02:18

Health: -4/25      AC:  1    Str: 13    XL:     3   Next: 50%
Magic:  4/4        EV: 18    Int: 16    God:    Xom [...*..]
Gold:   37         SH:  0    Dex: 15    Spells: 2/2 levels left
                                        Lives:  0   Deaths: 0

rFire    . . .     SeeInvis +     - Unarmed
rCold    . . .     Gourm    .   (shield unavailable)
rNeg     . . .     Faith    .   (armour unavailable)
rPois    .         Spirit   .   (helmet unavailable)
rElec    .         Reflect  .   (cloak unavailable)
rCorr    .         Harm     .   (gloves unavailable)
MR       .....                  (boots unavailable)
Stlth    ..........             (no amulet)
HPRegen  0.08/turn              (no ring)
MPRegen  0.09/turn              (no ring)

@: berserking (expiring), lethally poisoned (-4 -> -8), very quick
A: very small, no armour, no weapons or thrown items, stealth, claws 1, fangs 3,
see invisible, carnivore, clever 1, speed 1, shaggy fur 1, slow metabolism 1,
sharp paws
a: Renounce Religion


You were on level 2 of the Dungeon.
You worshipped Xom.
You were a favourite toy of Xom.
You were not hungry.

You visited 1 branch of the dungeon, and saw 2 of its levels.

You collected 37 gold pieces.

Inventory:

Scrolls
 d - 2 scrolls of identify {unknown}
 f - a scroll of enchant weapon {unknown}
 g - a scroll of amnesia {unknown}
Potions
 b - 2 potions of ambrosia
 e - a potion of agility {unknown}
 h - a potion of heal wounds {unknown}
Comestibles
 a - 3 rations


   Skills:
 - Level 3.0 Fighting
 - Level 3.2 Dodging
 + Level 4.8 Stealth
 - Level 3.0 Unarmed Combat


You had 2 spell levels left.
You didn't know any spells.

Dungeon Overview and Level Annotations

Branches:
Dungeon (2/15)

Altars:


Innate Abilities, Weirdness & Mutations

You cannot wear armour.
You are incapable of wielding weapons or throwing items.
Your paws allow you to move quietly. (Stealth)
You have sharp claws.
You have razor-sharp teeth.
You have supernaturally acute eyesight. (SInv)
You are carnivorous and can eat meat at any time.
You cover ground quickly.
You are covered in fur. (AC +1)
You have a slow metabolism.
Your sharp claws are effective at attacking unaware monsters.
Your mind is acute. (Int +2)


Message History

You scratch the leopard gecko.
You kill the leopard gecko!
You feel sick. The bat hits you.
You closely miss the goblin. The bat hits you but does no damage.
You barely miss the goblin. The bat closely misses you.
The goblin hits you with a club.
* * * LOW HITPOINT WARNING * * *
You claw the goblin!
You kill the goblin!
The bat completely misses you. The bat misses you.
You scratch the bat.
You kill the bat!
* * * LOW HITPOINT WARNING * * *
You feel sick.
You scratch the worm. You bite the worm!
The worm is heavily wounded.
You scratch the worm. Your bite misses the worm.
The worm is severely wounded.
The worm bites you.
You die...

###### ###......
###..........###########
......##%...............
##......... #@#
##..####.### #w# )†..#
#.###.# ###.# #.....#
#.# #.##..# #.#
#..#####.. ###.#
.#.#.##......... ...>#
................ #....
.....w#.######.#


You could see a worm.

Vanquished Creatures
  An adder (D:2)
  An ooze (D:1)
  2 dart slugs (D:1)
  2 leopard geckos
  5 giant cockroaches (D:1)
  2 goblins (D:2)
  3 hobgoblins
  A quokka (D:2)
  3 bats
  A frilled lizard (D:1)
  2 kobolds (D:1)
  5 rats
28 creatures vanquished.

Notes
Turn   | Place    | Note
-------+----------+-------------------------------------------
     0 | D:1      | inc the Felid Chaos Knight began the quest for the Orb.
     0 | D:1      | Reached XP level 1. HP: 10/10 MP: 2/2
    79 | D:1      | XOM: smoke on damage
    80 | D:1      | Reached skill level 1 in Stealth
    94 | D:1      | Reached skill level 2 in Stealth
   166 | D:1      | Reached XP level 2. HP: 10/14 MP: 3/3
   219 | D:1      | Reached skill level 3 in Stealth
   328 | D:1      | XOM: silly message
   390 | D:1      | Reached skill level 4 in Stealth
   582 | D:1      | XOM: silly message
   592 | D:1      | Reached XP level 3. HP: 17/17 MP: 4/4
   631 | D:1      | XOM: harmless Erth miscast
  1083 | D:2      | XOM: give mutation
  1083 | D:2      | Gained mutation: Your mind is acute. (Int +2) [Xom's grace]
  1097 | D:2      | XOM is BORED!
  1097 | D:2      | XOM: 3-stop teleportation journey
  1124 | D:2      | Slain by a worm

Skill      XL: |  1  2 |
---------------+-------+-----
Stealth        | 2 4 |  4.8
Fighting       | |  3.0
Dodging        | |  3.2
Unarmed Combat | |  3.0

Action                   || total
-------------------------++-------
Melee: Unarmed           ||    70
       Bite              ||     5
       Punch             ||     1
  Use: Potion            ||     2
 Stab: Sleeping          ||    10
  Eat: Chunk             ||     2
Armor: Skin              ||     4
Dodge: Dodged            ||    49
